 Dungeon Crawl Stone Soup version 0.22.1-2-g9c5b331 (webtiles) character file.

156 diana the Skirmisher (level 5, -4/47 HPs)
             Began as a Minotaur Fighter on Dec 2, 2018.
             Was an Initiate of Makhleb.
             Killed by divine providence
             ... invoked by an orc priest
              (11 damage)
             ... on level 3 of the Dungeon.
             The game lasted 00:02:57 (2083 turns).

diana the Skirmisher (Minotaur Fighter)             Turns: 2083, Time: 00:02:58

Health: -4/47      AC:  7    Str: 21    XL:     5   Next: 14%
Magic:  4/4        EV:  8    Int:  5    God:    Makhleb [......]
Gold:   155        SH:  9    Dex: 10    Spells: 4/4 levels left

rFire    + . .     SeeInvis .   a - +0 war axe
rCold    . . .     Gourm    .   c - +0 shield
rNeg     . . .     Faith    .   b - +0 scale mail
rPois    .         Spirit   .   (helmet restricted)
rElec    .         Reflect  .   (no cloak)
rCorr    .         Harm     .   (no gloves)
MR       .....                  (no boots)
Stlth    ..........             (no amulet)
HPRegen  0.15/turn              q - ring of protection from fire
MPRegen  0.09/turn              w - ring of flight

@: no status effects
A: retaliatory headbutt, horns 2
a: Renounce Religion, Evoke Flight


You were on level 3 of the Dungeon.
You worshipped Makhleb.
Makhleb was noncommittal.
You were hungry.

You visited 1 branch of the dungeon, and saw 3 of its levels.

You collected 155 gold pieces.

Inventory:

Hand Weapons
 a - a +0 war axe (weapon)
Armour
 b - a +0 scale mail (worn)
 c - a +0 shield (worn)
Jewellery
 q - a ring of protection from fire (left hand)
 w - a ring of flight (right hand)
Wands
 t - a wand of flame (37)
 v - a wand of iceblast (3)
Scrolls
 e - 3 scrolls of remove curse {unknown}
 h - a scroll of enchant armour {unknown}
 i - 2 scrolls of enchant weapon {unknown}
 j - a scroll of amnesia {unknown}
 n - 2 scrolls of identify {unknown}
 r - 3 scrolls of teleportation {unknown}
 u - a scroll of fog {unknown}
Potions
 d - 2 potions of might
 g - a potion of haste {unknown}
 k - a potion of lignification
 l - a potion of invisibility {unknown}
 m - a potion of heal wounds {unknown}
 o - a potion of brilliance {unknown}
 p - a potion of berserk rage {unknown}
 s - a potion of curing {unknown}
Comestibles
 f - 6 rations


   Skills:
 + Level 4.5 Fighting
 * Level 4.5 Axes
 + Level 4.4 Armour
 + Level 2.1 Dodging
 - Level 3.6 Shields


You had 4 spell levels left.
You didn't know any spells.
Your spell library was empty.

Dungeon Overview and Level Annotations

Branches:
Dungeon (3/15)

Altars:
Makhleb
Trog


Innate Abilities, Weirdness & Mutations

You reflexively headbutt those who attack you in melee.
You have a pair of horns on your head.


Message History

The orc hits you with a flail!
The orc priest miscasts a cantrip.
Unknown command.
You barely miss the orc. You headbutt the orc.
The orc is almost dead.
You hit the orc. You hit the orc priest. You block the orc's attack.
The orc hits you with a flail.
The orc priest calls upon Beogh to heal the orc.
The orc's wounds heal themselves!
The orc barely misses you.
You are too injured to fight recklessly!
Your shield and scale mail prevent you from hitting the orc priest.
The orc priest is moderately wounded.
You hit the orc but do no damage. You closely miss the orc.
The orc priest invokes the aid of Beogh against you.
Beogh smites you!
* * * LOW HITPOINT WARNING * * *
You block the orc's attack. The orc barely misses you.
The orc priest invokes the aid of Beogh against you.
Beogh smites you!
You die...

#...................
#...................
#...[...............
#..........##...#...
#..........##...##..
#..........##...##..
#..........##...###.
#.o........########.
#.o@.............##.
......o).............##.
.......###...........##.
.....................##.
.....................##.
.....................##.
#####................##.
#...................
...#########....


You could see an orc priest and 2 orcs.

Vanquished Creatures
  Terence (D:2)
  4 gnolls
  An adder (D:2)
  An ooze (D:3)
  2 dart slugs (D:2)
  2 leopard geckos
  4 orcs (D:3)
  2 giant cockroaches
  8 goblins
  7 hobgoblins
  4 jackals (D:3)
  11 kobolds
  A quokka (D:3)
  A ball python (D:1)
  9 bats
  5 frilled lizards
  10 rats
73 creatures vanquished.

Notes
Turn   | Place    | Note
-------+----------+-------------------------------------------
     0 | D:1      | diana the Minotaur Fighter began the quest for the Orb.
     0 | D:1      | Reached XP level 1. HP: 19/19 MP: 0/0
   121 | D:1      | Reached XP level 2. HP: 18/27 MP: 1/1
   539 | D:1      | Reached skill level 1 in Dodging
   794 | D:2      | Reached XP level 3. HP: 32/33 MP: 2/2
   965 | D:2      | Noticed Terence
   975 | D:2      | Killed Terence
  1057 | D:2      | Found a bloodstained altar of Trog.
  1134 | D:2      | Reached XP level 4. HP: 40/40 MP: 3/3
  1946 | D:3      | Reached XP level 5. HP: 47/47 MP: 4/4
  1979 | D:3      | Found a burning altar of Makhleb.
  2011 | D:3      | Became a worshipper of Makhleb the Destroyer
  2083 | D:3      | Killed from afar by an orc priest

Skill      XL: |  1  2  3  4 |
---------------+-------------+-----
Axes           | 3 4 |  4.5
Dodging        | 1 2 |  2.1
Fighting       | 4 |  4.5
Armour         | 4 |  4.4
Shields        | |  3.6

Action                   |  1- 3 |  4- 6 || total
-------------------------+-------+-------++-------
Melee: War axe           |    80 |    59 ||   139
       Headbutt          |    13 |     7 ||    20
  Use: Potion            |       |     1 ||     1
  Eat: Chunk             |       |     3 ||     3
Armor: Scale mail        |    38 |    28 ||    66
       Skin              |       |     6 ||     6
Dodge: Dodged            |    30 |    21 ||    51
Block: Shield            |    50 |    47 ||    97
